TOP OF THE 1ST |
---|
Mile High Broncos batting - Pitching for Albuquerque Isotopes : RHP Wyatt Anderson | Pitching: RHP Wyatt Anderson | | Batting: RHB Reynaldo Slomp | 0-0: Foul Ball, location: 2F 0-1: Called Strike 0-2: Ball 1-2: Ball 2-2: Ball 3-2: SINGLE (Groundball, 6MD) | Batting: LHB Jim Knight | 0-0: Swinging Strike 0-1: Ball 1-1: Ball 2-1: Ball 3-1: Base on Balls Reynaldo Slomp to second | Batting: RHB António Martínez | 0-0: SINGLE (Groundball, 34D) Reynaldo Slomp to third Jim Knight to second | Batting: SHB Tom Stevens | 0-0: Called Strike 0-1: Ball 1-1: Called Strike 1-2: Fly out, F7 (Line Drive, 78M) Runner from 3rd tags up, SCORES, throw made | Batting: SHB Michael Field | 0-0: Foul Ball, location: 2F 0-1: Fly out, F2 (Popup, 25F) | Batting: RHB Edward Williams | 0-0: Ball 1-0: Called Strike 1-1: Ball 2-1: Foul Ball, location: 2F 2-2: Ball 3-2: Reached on error, E6 (Groundball, 6) Jim Knight to third António Martínez to second | Batting: LHB Jesús González | 0-0: Foul Ball, location: 2F 0-1: Ball 1-1: Ball 2-1: Ball 3-1: Swinging Strike 3-2: Strikes out swinging | Top of the 1st over - 1 run, 2 hits, 1 error, 3 left on base; Mile High 1 - Albuquerque 0 | BOTTOM OF THE 1ST |
---|
Albuquerque Isotopes batting - Pitching for Mile High Broncos : RHP Manny Pérez | Pitching: RHP Manny Pérez | | Batting: RHB Javier Peña | 0-0: Swinging Strike 0-1: Foul Ball, location: 2F 0-2: Foul Ball, location: 2F 0-2: Fly out, F9 (Flyball, 9LM) | Batting: RHB Tony Parker | 0-0: SINGLE (Line Drive, 89S) | Batting: LHB Edward Bennett | 0-0: Ball 1-0: Ball 2-0: Foul Ball, location: 2F 2-1: Swinging Strike 2-2: Ball 3-2: Fly out, F6 (Line Drive, 6MD) | Batting: RHB Roberto Tobías | 0-0: Hit by Pitch Tony Parker to second | Batting: LHB Ken Nelson | 0-0: Ball 1-0: Ball 2-0: Ball 3-0: Called Strike 3-1: Base on Balls Tony Parker to third Roberto Tobías to second | Batting: RHB Jesse McKnight | 0-0: Foul Ball, location: 2F 0-1: Swinging Strike 0-2: Foul Ball, location: 2F 0-2: Ball 1-2: Strikes out swinging | Bottom of the 1st over - 0 runs, 1 hit, 0 errors, 3 left on base; Mile High 1 - Albuquerque 0 | TOP OF THE 2ND |
---|
Mile High Broncos batting - Pitching for Albuquerque Isotopes : RHP Wyatt Anderson | Batting: RHB Rodney González | 0-0: Swinging Strike 0-1: Ball 1-1: Foul Ball, location: 2F 1-2: Foul Ball, location: 2F 1-2: Ball 2-2: Foul Ball, location: 2F 2-2: SINGLE (Groundball, 6D) | Batting: SHB Paco Martínez | 0-0: Ball 1-0: Foul Ball, location: 2F 1-1: Ball 2-1: Grounds into double play, 5-4-3 (Groundball, 5) | Batting: RHB Reynaldo Slomp | 0-0: Called Strike 0-1: Ball 1-1: Ball 2-1: Ground out 6-3 (Groundball, 6) | Top of the 2nd over - 0 runs, 1 hit, 0 errors, 0 left on base; Mile High 1 - Albuquerque 0 | BOTTOM OF THE 2ND |
---|
Albuquerque Isotopes batting - Pitching for Mile High Broncos : RHP Manny Pérez | Batting: RHB Piotr Zahn | 0-0: Ball 1-0: Foul Ball, location: 2F 1-1: Swinging Strike 1-2: Ball 2-2: Foul Ball, location: 2F 2-2: Foul Ball, location: 2F 2-2: Fly out, F9 (Line Drive, 9) | Batting: SHB Thomas Simmons | 0-0: Foul Ball, location: 2F 0-1: Ball 1-1: Ball 2-1: Ball 3-1: Base on Balls | Batting: RHB Martín López | 0-0: Ball Thomas Simmons steals 2nd base 1-0: Ground out 6-3 (Groundball, 6) Thomas Simmons to third | Batting: RHB Javier Peña | 0-0: Ball 1-0: Called Strike 1-1: Foul Ball, location: 2F 1-2: Foul Ball, location: 2F 1-2: Foul Ball, location: 2F 1-2: SINGLE (Line Drive, 56D) Thomas Simmons scores | Batting: RHB Tony Parker | 0-0: Foul Ball, location: 2F 0-1: Called Strike 0-2: Ball Javier Peña steals 2nd base Balk! Javier Peña to third 1-2: Ball 2-2: Ball 3-2: Foul Ball, location: 2F 3-2: Base on Balls | Batting: LHB Edward Bennett | 0-0: Called Strike 0-1: Foul Ball, location: 2F 0-2: Foul Ball, location: 2F 0-2: Ball 1-2: SINGLE (Groundball, 56D) Javier Peña scores Tony Parker to second | Batting: RHB Roberto Tobías | 0-0: Called Strike 0-1: Ball 1-1: Foul Ball, location: 2F 1-2: Ball 2-2: Ball 3-2: Fly out, F5 (Line Drive, 56) | Bottom of the 2nd over - 2 runs, 2 hits, 0 errors, 2 left on base; Mile High 1 - Albuquerque 2 | TOP OF THE 3RD |
---|
Mile High Broncos batting - Pitching for Albuquerque Isotopes : RHP Wyatt Anderson | Batting: LHB Jim Knight | 0-0: Ball 1-0: Foul Ball, location: 2F 1-1: Fly out, F5 (Line Drive, 5S) | Batting: RHB António Martínez | 0-0: Called Strike 0-1: Ball 1-1: Ball 2-1: Called Strike 2-2: Fly out, F9 (Flyball, 89D) | Batting: SHB Tom Stevens | 0-0: DOUBLE (Line Drive, 7LS) | Batting: SHB Michael Field | 0-0: Ball 1-0: Ball 2-0: Foul Ball, location: 2F 2-1: Ball 3-1: Foul Ball, location: 2F 3-2: Base on Balls | Batting: RHB Edward Williams | 0-0: Ball 1-0: Ball 2-0: Called Strike 2-1: Foul Ball, location: 2F 2-2: Strikes out looking | Top of the 3rd over - 0 runs, 1 hit, 0 errors, 2 left on base; Mile High 1 - Albuquerque 2 | BOTTOM OF THE 3RD |
---|
Albuquerque Isotopes batting - Pitching for Mile High Broncos : RHP Manny Pérez | Batting: LHB Ken Nelson | 0-0: Ball 1-0: Ball 2-0: Ball 3-0: Base on Balls | Batting: RHB Jesse McKnight | 0-0: Ball 1-0: Ground out 3-1 (Groundball, 34S) Ken Nelson to second | Batting: RHB Piotr Zahn | 0-0: Ball 1-0: Ball 2-0: Swinging Strike 2-1: Swinging Strike 2-2: Foul Ball, location: 2F 2-2: Ball 3-2: Reached on error, E4 (Groundball, 4) Ken Nelson to third | Batting: SHB Thomas Simmons | 0-0: Ball 1-0: Foul Ball, location: 2F 1-1: Ball 2-1: Swinging Strike 2-2: Grounds into double play, 4-6-3 (Groundball, 4) | Bottom of the 3rd over - 0 runs, 0 hits, 1 error, 1 left on base; Mile High 1 - Albuquerque 2 | TOP OF THE 4TH |
---|
Mile High Broncos batting - Pitching for Albuquerque Isotopes : RHP Wyatt Anderson | Batting: LHB Jesús González | 0-0: Called Strike 0-1: Foul Ball, location: 2F 0-2: Ball 1-2: Strikes out swinging | Batting: RHB Rodney González | 0-0: Ball 1-0: Swinging Strike 1-1: DOUBLE (Flyball, 8LXD) | Batting: SHB Paco Martínez | 0-0: Called Strike 0-1: Ball 1-1: Ground out U3 (Groundball, 34) Rodney González to third | Batting: RHB Reynaldo Slomp | 0-0: Ball 1-0: Swinging Strike 1-1: Swinging Strike 1-2: Foul Ball, location: 2F 1-2: Ball 2-2: Strikes out swinging | Top of the 4th over - 0 runs, 1 hit, 0 errors, 1 left on base; Mile High 1 - Albuquerque 2 | BOTTOM OF THE 4TH |
---|
Albuquerque Isotopes batting - Pitching for Mile High Broncos : RHP Manny Pérez | Batting: RHB Martín López | 0-0: Ball 1-0: Foul Ball, location: 2F 1-1: Foul Ball, location: 2F 1-2: Ball 2-2: Strikes out looking | Batting: RHB Javier Peña | 0-0: Ball 1-0: Ball 2-0: Ground out 5-3 (Groundball, 56) | Batting: RHB Tony Parker | 0-0: Ball 1-0: Foul Ball, location: 2F 1-1: Ball 2-1: Ball 3-1: Base on Balls | Pitching: LHP Jorge García | | Batting: LHB Edward Bennett | 0-0: Foul Ball, location: 2F 0-1: Ball 1-1: Foul Ball, location: 2F 1-2: Strikes out swinging | Bottom of the 4th over - 0 runs, 0 hits, 0 errors, 1 left on base; Mile High 1 - Albuquerque 2 | TOP OF THE 5TH |
---|
Mile High Broncos batting - Pitching for Albuquerque Isotopes : RHP Wyatt Anderson | Batting: LHB Jim Knight | 0-0: Called Strike 0-1: Foul Ball, location: 2F 0-2: Ball 1-2: Foul Ball, location: 2F 1-2: Hit by Pitch | Batting: RHB António Martínez | 0-0: Called Strike 0-1: Called Strike 0-2: Strikes out swinging | Batting: SHB Tom Stevens | 0-0: Ball 1-0: Ball 2-0: Foul Ball, location: 2F 2-1: Ball 3-1: SINGLE (Groundball, 56D) Jim Knight to second | Batting: SHB Michael Field | 0-0: Ball 1-0: Ball 2-0: Called Strike 2-1: Swinging Strike 2-2: Foul Ball, location: 2F 2-2: Strikes out looking | Batting: RHB Edward Williams | 0-0: Ball 1-0: Ball 2-0: Ball 3-0: Called Strike 3-1: Swinging Strike 3-2: Base on Balls Jim Knight to third Tom Stevens to second | Pitching: RHP Miguel Cardoza | | Batting: LHB Jesús González | 0-0: Ball 1-0: Foul Ball, location: 2F 1-1: Foul Ball, location: 2F 1-2: Ground out 6-3 (Groundball, 6MS) | Top of the 5th over - 0 runs, 1 hit, 0 errors, 3 left on base; Mile High 1 - Albuquerque 2 | BOTTOM OF THE 5TH |
---|
Albuquerque Isotopes batting - Pitching for Mile High Broncos : LHP Jorge García | Batting: RHB Roberto Tobías | 0-0: Ball 1-0: Foul Ball, location: 2F 1-1: Ball 2-1: Ball 3-1: Base on Balls | Batting: LHB Ken Nelson | 0-0: Called Strike 0-1: Ball 1-1: Ball 2-1: Foul Ball, location: 2F 2-2: Foul Ball, location: 2F 2-2: TRIPLE (Line Drive, 8RXD) Roberto Tobías scores | Batting: RHB Jesse McKnight | 0-0: Ball 1-0: Called Strike 1-1: Ball 2-1: Called Strike 2-2: Ball 3-2: Foul Ball, location: 2F 3-2: Foul Ball, location: 2F 3-2: TRIPLE (Line Drive, 9LD) Ken Nelson scores | Batting: RHB Piotr Zahn | 0-0: Ground out 6-3 (Groundball, 6) | Batting: SHB Thomas Simmons | 0-0: Ball 1-0: DOUBLE (Flyball, 78XD) Jesse McKnight scores | Batting: RHB Martín López | 0-0: Swinging Strike 0-1: Ball 1-1: Ball 2-1: Called Strike 2-2: Ball 3-2: Fly out, F8 (Flyball, 89D) Runner from 2nd tags up, SAFE at 3rd, no throw | Batting: RHB Javier Peña | 0-0: Ball 1-0: Foul Ball, location: 2F 1-1: Ball 2-1: Ground out 5-3 (Groundball, 5) | Bottom of the 5th over - 3 runs, 3 hits, 0 errors, 1 left on base; Mile High 1 - Albuquerque 5 | TOP OF THE 6TH |
---|
Mile High Broncos batting - Pitching for Albuquerque Isotopes : RHP Miguel Cardoza | Batting: RHB Rodney González | 0-0: Called Strike 0-1: Ball 1-1: Ball 2-1: Ball 3-1: SINGLE (Groundball, 56S) (infield hit) | Batting: SHB Paco Martínez | 0-0: Ground out 5-3 (Groundball, 56S) Rodney González to second | Batting: RHB Reynaldo Slomp | 0-0: Ball 1-0: Foul Ball, location: 2F 1-1: Foul Ball, location: 2F 1-2: Ball 2-2: Foul Ball, location: 2F 2-2: Fly out, F8 (Flyball, 8LS) | Batting: LHB Jim Knight | 0-0: Swinging Strike 0-1: Foul Ball, location: 2F 0-2: Ball 1-2: Fly out, F9 (Flyball, 9) | Top of the 6th over - 0 runs, 1 hit, 0 errors, 1 left on base; Mile High 1 - Albuquerque 5 | BOTTOM OF THE 6TH |
---|
Albuquerque Isotopes batting - Pitching for Mile High Broncos : LHP Jorge García | Pitching: RHP José García | | Batting: RHB Tony Parker | 0-0: Ball 1-0: Called Strike 1-1: Ball 2-1: Ball 3-1: Foul Ball, location: 2F 3-2: Base on Balls | Batting: LHB Edward Bennett | 0-0: Swinging Strike 0-1: Called Strike 0-2: Strikes out swinging | Pitching: LHP Domingo Morales | | Batting: RHB Roberto Tobías | 0-0: Called Strike 0-1: Swinging Strike 0-2: Ball Tony Parker steals 2nd base 1-2: Ball 2-2: Foul Ball, location: 2F 2-2: Ball 3-2: Intentional Walk | Batting: LHB Ken Nelson | 0-0: Ball 1-0: Ball 2-0: Ball 3-0: Called Strike 3-1: Base on Balls Tony Parker to third Roberto Tobías to second | Batting: RHB Jesse McKnight | 0-0: Foul Ball, location: 2F 0-1: DOUBLE (Line Drive, 89XD) Tony Parker scores Roberto Tobías scores Ken Nelson to third Runner from 3rd tries for Home, SAFE, no throw | Batting: RHB Piotr Zahn | 0-0: SINGLE (Flyball, 8RS) Jesse McKnight to third | Batting: SHB Thomas Simmons | 0-0: Ball 1-0: Called Strike 1-1: Swinging Strike 1-2: Grounds into double play, 1-6-3 (Groundball, 13S) | Bottom of the 6th over - 3 runs, 2 hits, 0 errors, 1 left on base; Mile High 1 - Albuquerque 8 | TOP OF THE 7TH |
---|
Mile High Broncos batting - Pitching for Albuquerque Isotopes : RHP Miguel Cardoza | Batting: RHB António Martínez | 0-0: Called Strike 0-1: Ball 1-1: Ball 2-1: Called Strike 2-2: Ball 3-2: SINGLE (Line Drive, 89S) | Batting: SHB Tom Stevens | 0-0: Ball 1-0: Called Strike 1-1: Swinging Strike 1-2: Ball 2-2: Foul Ball, location: 2F 2-2: Ball 3-2: Strikes out swinging | Batting: SHB Michael Field | 0-0: Ball 1-0: SINGLE (Groundball, 34S) (infield hit) António Martínez to second | Batting: RHB Edward Williams | 0-0: Ball 1-0: Foul Ball, location: 2F 1-1: Ball 2-1: SINGLE (Groundball, 34D) António Martínez to third Michael Field to second Runner from 3rd tries for Home, SAFE, no throw | Batting: LHB Jesús González | 0-0: Ball 1-0: Called Strike 1-1: Called Strike 1-2: Strikes out swinging | Batting: RHB Rodney González | 0-0: Called Strike 0-1: Foul Ball, location: 2F 0-2: Ball 1-2: Ball 2-2: Strikes out swinging | Top of the 7th over - 1 run, 3 hits, 0 errors, 2 left on base; Mile High 2 - Albuquerque 8 | BOTTOM OF THE 7TH |
---|
Albuquerque Isotopes batting - Pitching for Mile High Broncos : LHP Domingo Morales | Batting: RHB Martín López | 0-0: Foul Ball, location: 2F 0-1: Ball 1-1: Swinging Strike 1-2: SOLO HOME RUN (Flyball, 7D), Distance : 384 ft | Batting: RHB Javier Peña | 0-0: SINGLE (Line Drive, 89S) | Pitching: RHP Eric Wilson | | Batting: RHB Tony Parker | 0-0: Ball 1-0: SINGLE (Groundball, 34D) Javier Peña to second Runner from 2nd tries for 3rd, SAFE, no throw | Batting: LHB Edward Bennett | 0-0: Called Strike 0-1: Foul Ball, location: 2F 0-2: Ball 1-2: Strikes out looking | Batting: RHB Roberto Tobías | 0-0: Called Strike 0-1: Foul Ball, location: 2F 0-2: Ball 1-2: Foul Ball, location: 2F 1-2: Ball 2-2: Ball 3-2: SINGLE (Groundball, 5D) Javier Peña scores Tony Parker to second Tony Parker to third | Batting: LHB Ken Nelson | 0-0: Called Strike 0-1: SINGLE (Groundball, 4MD) Tony Parker scores Roberto Tobías to second Runner from 2nd tries for 3rd, SAFE, no throw | Batting: RHB Jesse McKnight | 0-0: Called Strike 0-1: Foul Ball, location: 2F 0-2: Strikes out swinging | Batting: RHB Piotr Zahn | 0-0: Swinging Strike 0-1: Ball 1-1: Ball 2-1: Swinging Strike 2-2: Ball 3-2: Strikes out swinging | Bottom of the 7th over - 3 runs, 5 hits, 0 errors, 2 left on base; Mile High 2 - Albuquerque 11 | TOP OF THE 8TH |
---|
Mile High Broncos batting - Pitching for Albuquerque Isotopes : RHP Miguel Cardoza | Batting: SHB Paco Martínez | 0-0: Called Strike 0-1: Foul Ball, location: 2F 0-2: Ball 1-2: Ball 2-2: Ball 3-2: Foul Ball, location: 2F 3-2: Strikes out looking | Batting: RHB Reynaldo Slomp | 0-0: Ball 1-0: Ball 2-0: Called Strike 2-1: Called Strike 2-2: Foul Ball, location: 2F 2-2: Ball 3-2: Foul Ball, location: 2F 3-2: Ground out 6-3 (Groundball, 6) | Batting: LHB Jim Knight | 0-0: Ball 1-0: Called Strike 1-1: Swinging Strike 1-2: Strikes out swinging | Top of the 8th over - 0 runs, 0 hits, 0 errors, 0 left on base; Mile High 2 - Albuquerque 11 | BOTTOM OF THE 8TH |
---|
Albuquerque Isotopes batting - Pitching for Mile High Broncos : RHP Eric Wilson | Batting: SHB Thomas Simmons | 0-0: Ball 1-0: Ball 2-0: Foul Ball, location: 2F 2-1: Swinging Strike 2-2: Strikes out looking | Batting: RHB Martín López | 0-0: Swinging Strike 0-1: Swinging Strike 0-2: Ground out 4-3 (Groundball, 4M) | Batting: RHB Javier Peña | 0-0: Called Strike 0-1: Foul Ball, location: 2F 0-2: Ball 1-2: Strikes out swinging | Bottom of the 8th over - 0 runs, 0 hits, 0 errors, 0 left on base; Mile High 2 - Albuquerque 11 | TOP OF THE 9TH |
---|
Mile High Broncos batting - Pitching for Albuquerque Isotopes : RHP Miguel Cardoza | Now at 3B: Edward Bartlett | | Batting: RHB António Martínez | 0-0: Called Strike 0-1: Ball 1-1: Fly out, F4 (Popup, 23) | Pitching: RHP Steve Snyder | | Batting: SHB Tom Stevens | 0-0: Foul Ball, location: 2F 0-1: Ground out U3 (Groundball, 3) | Batting: SHB Michael Field | 0-0: Ball 1-0: Ball 2-0: Called Strike 2-1: SINGLE (Line Drive, 34D) | Batting: RHB Edward Williams | 0-0: Ball 1-0: Called Strike 1-1: Ball 2-1: Called Strike 2-2: Foul Ball, location: 2F 2-2: Ball 3-2: Base on Balls Michael Field to second | Batting: LHB Jesús González | 0-0: Ball 1-0: Fly out, F7 (Flyball, 7LM) | Top of the 9th over - 0 runs, 1 hit, 0 errors, 2 left on base; Mile High 2 - Albuquerque 11 | |